 Dungeon Crawl Stone Soup version 0.29.1-15-g9cfb28693d (webtiles) character file.

Game seed: 2386267903408968323

24 hawla the Firebug (level 3, -1/26 HPs)
             Began as a Meteoran Fire Elementalist on Feb 21, 2023.
             Succumbed to a scorpion's poison
             ... on level 3 of the Dungeon.
             The game lasted 00:01:37 (212 turns).

hawla the Firebug (Meteoran Fire Elementalist)       Turns: 212, Time: 00:01:38

Health: -1/26      AC:  2    Str:  9    XL:     3   Next: 32%
Magic:  1/8        EV: 12    Int: 19    God:
Gold:   113        SH:  0    Dex: 14    Spells: 5/8 levels left

rFire   . . .      SeeInvis .   (no weapon)
rCold   . . .      Faith    .   (no shield)
rNeg    . . .      Spirit   .   a - +0 robe
rPois   .          Reflect  .   (no helmet)
rElec   .          Harm     .   (no cloak)
rCorr   .          Rampage  .   (no gloves)
Will    .....                   (no boots)
Stlth   +.........              (no amulet)
HPRegen 0.08/turn               (no ring)
MPRegen 0.11/turn               (no ring)

@: lethally poisoned (-1 -> -16), weak-willed, glowing
A: sense surroundings 1, otherworldly, glowing, explore regen
a: no special abilities


You were on level 3 of the Dungeon.
You visited 1 branch of the dungeon, and saw 3 of its levels.

You collected 113 gold pieces.

Inventory:

Armour
 a - a +0 robe (worn)
Jewellery
 d - an amulet of the acrobat
Potions
 b - a potion of magic
 c - a potion of attraction {unknown}
 e - a potion of heal wounds {unknown}
 f - a potion of invisibility {unknown}
 h - a potion of might {unknown}


   Skills:
 + Level 2.7 Dodging
 - Level 1.4 Stealth
 + Level 3.0 Spellcasting
 + Level 1.3 Conjurations
 + Level 4.5 Fire Magic


You had 5 spell levels left.
You knew the following spells:

 Your Spells              Type           Power      Damage    Failure   Level
a - Foxfire               Conj/Fire      56%        2x1d6     4%          1
b - Scorch                Fire           40%        2d7       3%          2

Your spell library contained the following spells:

 Spells                   Type           Power      Damage    Failure   Level
 Conjure Flame            Conj/Fire      14%        6-21      14%         3
 Inner Flame              Hex/Fire       11%        N/A       19%         3
 Flame Wave               Conj/Fire      14%        2d6       41%         4


Dungeon Overview and Level Annotations

Branches:
Dungeon (3/15) Zot: 1588

Altars:


Innate Abilities, Weirdness & Mutations

You passively map a small area around you.
You are easily found by Zot.
You glow in the dark.
You regain HP and MP as you explore.


Message History

The scorpion stings you but does no damage.
A goblin comes into view. It is wielding a +0 club.
Unknown command.
As you read the scroll labelled EDAUGG ELIHUPH, it crumbles to dust.
Magic quickly surges around you.
It was a scroll of vulnerability.
The foxfire hits the goblin.
The goblin is heavily wounded.
The foxfire hits the scorpion.
The scorpion is severely wounded.
The scorpion stings you.
The scorpion stings you but does no damage.
Casting: Foxfire (safe; 4% risk of failure)
Confirm with . or Enter, or press ? or * to list all spells.
You conjure some foxfire!
The scorpion barely misses you.
The foxfire hits the goblin.
The goblin is severely wounded.
A hobgoblin comes into view.
You hit the scorpion but do no damage.
The scorpion is severely wounded.
The foxfire hits the goblin.
You kill the goblin!
The scorpion closely misses you.
Unknown command.
Unknown command.
The goblin attacks as you move away! The goblin barely misses you.
The scorpion stings you. The scorpion stings you.
You are poisoned.
The scorpion poisons you! The scorpion attacks as you move away!
The scorpion stings you.
You feel very sick. The scorpion attacks as you move away!
The scorpion barely misses you.
You feel sick.
You feel sick.
You feel sick.
You feel sick. The scorpion stings you.
* * * LOW HITPOINT WARNING * * *
You are more poisoned.
The scorpion poisons you!
You die...

* * *#.#*** * #.# ** .. * * ,*
#.###...#, ###, , ######)g...#
#.. * ###.ggg.g# * * #######.#
#.l.####.# #.......## #s###*
#.#* .........######.###.....
................@(......., ,
.......<..#............... ,
..........#................ *
.........##########........ยง,
, #...#...## #........## ###
##### *####


You could see a scorpion (weak-willed).

Vanquished Creatures
  2 adders (D:2)
  A ball python (D:2)
  2 endoplasms (D:3)
  A goblin (D:3)
  A rat (D:2)
7 creatures vanquished.

Vanquished Creatures (others)
  An orc (D:3)
  18 foxfires
  A plant (D:2)
20 creatures vanquished.

Grand Total: 27 creatures vanquished

Notes
Turn   | Place    | Note
-------+----------+-------------------------------------------
     0 | D:1      | hawla the Meteoran Fire Elementalist began the quest for
                  | the Orb.
     0 | D:1      | Reached XP level 1. HP: 14/14 MP: 5/5
    27 | D:2      | Reached skill level 4 in Fire Magic
    27 | D:2      | Reached XP level 2. HP: 20/20 MP: 1/6
    29 | D:2      | Reached XP level 3. HP: 26/26 MP: 0/8
    32 | D:2      | Learned a level 2 spell: Scorch
   192 | D:3      | Noticed a scorpion
   212 | D:3      | Succumbed to a scorpion's poison

Illustrated notes

Levels and vault maps discovered:
D:1:      nicolae_arrival_washed_ashore, layout_basic, serial_shops,
          nicolae_square_shop
D:2:      layout_rooms, serial_bayou, serial_bayou_lagoon_b,
          serial_bayou_pond_e, serial_bayou_shore_b, serial_bayou_pond_e
D:3:      layout_rooms, fiery_altar_vehumet, serial_shops, shop, uniq_robin

Skill      XL: |  1  2 |
---------------+-------+-----
Fire Magic     | 4 |  4.5
Spellcasting   | 3 |  3.0
Dodging        | |  2.7
Stealth        | |  1.4
Conjurations   | |  1.3

Action                   || total
-------------------------++-------
Melee: Unarmed           ||     2
 Cast: Foxfire           ||    11
       Scorch            ||     2
  Use: Scroll            ||     1
Armor: Robe              ||     2
Dodge: Dodged            ||     8
